[ PARTIDA AOE2 · #479251291 ]
Team RMBereberes vs Magyars
[ ANÁLISIS DE REPETICIÓN · EXTRAÍDO DE LA PARTIDA GRABADA ]
Feudal
12:22
Castillos
27:43
Imperial
—
| APM promedio | 8.6 |
| APM pico | 26 |
| eAPM promedio | 7.0 |
| Aldeanos / militares | 47 / 29 |
Foco
⚔️ 24.5% · 🌾 75.5%
Spearman ×14 · Camel Scout ×7 · Camel Archer ×7 · Trade Cart ×1 · Monk ×1
Feudal
—
Castillos
—
Imperial
—
| APM promedio | 4.8 |
| APM pico | 48 |
| eAPM promedio | 3.0 |
| Aldeanos / militares | 4 / 0 |
Foco
⚔️ 64.0% · 🌾 36.0%
Feudal
11:20
Castillos
19:48
Imperial
33:50
| APM promedio | 10.2 |
| APM pico | 36 |
| eAPM promedio | 7.9 |
| Aldeanos / militares | 82 / 2 |
Foco
⚔️ 15.8% · 🌾 84.2%
Trade Cart ×12 · Monk ×2
Feudal
16:25
Castillos
28:12
Imperial
—
| APM promedio | 9.4 |
| APM pico | 24 |
| eAPM promedio | 7.6 |
| Aldeanos / militares | 94 / 116 |
Foco
⚔️ 27.7% · 🌾 72.3%
Genoese Crossbowman ×65 · Skirmisher ×18 · Spearman ×16 · Scout Cavalry ×12 · Militia ×5 · Trade Cart ×1
Feudal
13:17
Castillos
25:12
Imperial
—
| APM promedio | 8.3 |
| APM pico | 22 |
| eAPM promedio | 7.9 |
| Aldeanos / militares | 105 / 23 |
Foco
⚔️ 15.5% · 🌾 84.5%
Ballista Elephant ×23 · Trade Cart ×10
Feudal
12:30
Castillos
19:02
Imperial
32:33
| APM promedio | 27.5 |
| APM pico | 52 |
| eAPM promedio | 16.0 |
| Aldeanos / militares | 122 / 105 |
Foco
⚔️ 18.8% · 🌾 81.2%
Knight ×51 · Spearman ×26 · Longbowman ×25 · Trebuchet (Packed) ×3
Feudal
13:31
Castillos
24:38
Imperial
—
| APM promedio | 12.1 |
| APM pico | 23 |
| eAPM promedio | 9.2 |
| Aldeanos / militares | 75 / 102 |
Foco
⚔️ 36.3% · 🌾 63.7%
Spearman ×71 · Genitour ×21 · Scorpion ×7 · Trade Cart ×6 · Battering Ram ×3
Feudal
10:48
Castillos
21:13
Imperial
35:42
| APM promedio | 27.5 |
| APM pico | 55 |
| eAPM promedio | 17.8 |
| Aldeanos / militares | 139 / 53 |
Foco
⚔️ 15.8% · 🌾 84.2%
Cavalry Archer ×35 · Knight ×15 · Scout Cavalry ×3
Mapa de la partida
Recursos iniciales + cada clic de construcción. Líneas = muros · curvas = relieve. ◆ oro · ⬟ piedra · ● bayas · ✦ reliquia · ◌ hueco del cierre
Tu base· ✓ Cerrada en 27:43 · 62t muro · 6 puerta(s)
Base de Booger Flicker X· Abierta — flanco sin cerrar
Base de CENAZE İŞLERİ· ✓ Cerrada en 19:48 · 57t muro · 4 puerta(s)
Base de alessiodos· ✓ Cerrada en 28:12 · 91t muro · 2 puerta(s)
Base de Mqhst· ✓ Cerrada en 25:12 · 38t muro · 3 puerta(s) · frágil
Base de akbasmuhammed61· Abierta — flanco sin cerrar
Base de sburaks· ✓ Cerrada en 24:38 · 65t muro · 8 puerta(s)
Base de 宫水三叶· Abierta — hueco de 3t
Terreno inicial suavizado · ◌ = hueco del cierre detectado · pasá el cursor para detalles
Inputs por minuto
— Makynka.4 - - Booger Flicker X
Build order — Makynka.4
141 acciones detectadas en el replay
| 0:07 | Construir | House |
| 0:08 | Construir | House |
| 0:08 | Construir | House |
| 0:09 | Construir | House |
| 0:19 | Investigar | Loom |
| 0:20 | Crear | Villager (Male) |
| 0:20 | Crear | Villager (Male) |
| 0:20 | Crear | Villager (Male) |
| 0:20 | Crear | Villager (Male) |
| 0:21 | Crear | Villager (Male) |
| 1:38 | Construir | House |
| 2:18 | Crear | Villager (Male) |
| 3:09 | Crear | Villager (Male) |
| 3:19 | Crear | Villager (Male) |
| 3:49 | Crear | Villager (Male) |
| 4:35 | Crear | Villager (Male) |
| 4:53 | Crear | Villager (Male) |
| 5:46 | Crear | Villager (Male) |
| 5:47 | Crear | Villager (Male) |
| 6:37 | Crear | Villager (Male) |
| 6:48 | Crear | Villager (Male) |
| 6:48 | Crear | Villager (Male) |
| 7:01 | Construir | Palisade Wall |
| 8:49 | Construir | Lumber Camp |
| 9:12 | Construir | Palisade Gate |
| 9:14 | Construir | Palisade Gate |
| 9:41 | Construir | Mill |
| 9:47 | Crear | Villager (Male) |
| 10:12 | Investigar | Feudal Age |
| 10:18 | Construir | Mining Camp |
| 11:19 | Crear | Villager (Male) |
| 11:19 | Crear | Villager (Male) |
| 11:29 | Construir | Mining Camp |
| 11:55 | Crear | Villager (Male) |
| 12:22 | Edad | Edad Feudal |
| 12:42 | Investigar | Wheelbarrow |
| 12:43 | Investigar | Town Watch |
| 12:48 | Investigar | Stone Mining |
| 13:09 | Construir | Stone Wall |
| 13:14 | Construir | Gate |
| 13:16 | Construir | Gate |
| 13:38 | Investigar | Double-Bit Axe |
| 14:01 | Investigar | Horse Collar |
| 14:07 | Crear | Villager (Male) |
| 14:07 | Crear | Villager (Male) |
| 14:56 | Construir | Blacksmith |
| 15:03 | Crear | Villager (Male) |
| 15:22 | Construir | Stone Wall |
| 15:39 | Construir | Mill |
| 16:24 | Crear | Villager (Male) |
| 16:25 | Crear | Villager (Male) |
| 16:50 | Construir | Barracks |
| 17:43 | Crear | Spearman |
| 17:43 | Crear | Spearman |
| 17:59 | Crear | Spearman |
| 17:59 | Crear | Spearman |
| 18:28 | Construir | Mill |
| 18:37 | Crear | Spearman |
| 18:37 | Crear | Spearman |
| 18:37 | Crear | Spearman |
| 19:00 | Construir | Market |
| 19:26 | Construir | House |
| 19:27 | Construir | House |
| 19:28 | Construir | House |
| 19:53 | Construir | Farm |
| 19:53 | Construir | Farm |
| 19:55 | Construir | Farm |
| 20:09 | Construir | Mining Camp |
| 20:12 | Crear | Villager (Male) |
| 20:13 | Crear | Villager (Male) |
| 20:13 | Crear | Villager (Male) |
| 20:22 | Investigar | Forging |
| 20:25 | Investigar | Scale Mail Armor |
| 21:12 | Crear | Villager (Male) |
| 21:12 | Crear | Villager (Male) |
| 21:31 | Investigar | Fletching |
| 22:21 | Construir | Farm |
| 22:33 | Crear | Villager (Male) |
| 22:33 | Crear | Villager (Male) |
| 23:17 | Construir | Farm |
| 25:03 | Investigar | Castle Age |
| 26:05 | Construir | Watch Tower |
| 26:09 | Construir | Watch Tower |
| 26:33 | Investigar | Scale Barding Armor |
| 26:38 | Crear | Villager (Male) |
| 26:39 | Crear | Villager (Male) |
| 27:43 | Edad | Edad de los Castillos |
| 27:47 | Investigar | Bodkin Arrow |
| 27:54 | Investigar | Heavy Plow |
| 28:07 | Construir | Town Center |
| 28:12 | Investigar | Gold Mining |
| 28:40 | Investigar | Squires |
| 28:41 | Crear | Spearman |
| 28:41 | Crear | Spearman |
| 29:07 | Construir | Stable |
| 29:08 | Construir | Stable |
| 29:38 | Crear | Spearman |
| 29:39 | Crear | Spearman |
| 29:46 | Crear | Villager (Male) |
| 29:46 | Crear | Villager (Male) |
| 29:55 | Investigar | Husbandry |
| 30:21 | Construir | Watch Tower |
| 30:33 | Crear | Camel Scout |
| 30:33 | Crear | Camel Scout |
| 31:12 | Crear | Camel Scout |
| 31:44 | Crear | Camel Scout |
| 31:55 | Construir | Monastery |
| 32:09 | Crear | Villager (Male) |
| 32:09 | Crear | Villager (Male) |
| 32:14 | Crear | Villager (Male) |
| 32:15 | Crear | Villager (Male) |
| 32:15 | Crear | Villager (Male) |
| 32:36 | Crear | Trade Cart |
| 32:54 | Construir | Farm |
| 32:56 | Crear | Camel Scout |
| 32:59 | Crear | Monk |
| 33:29 | Crear | Villager (Male) |
| 33:46 | Construir | Castle |
| 34:09 | Investigar | Fervor |
| 34:26 | Investigar | Hand Cart |
| 34:29 | Crear | Villager (Male) |
| 34:29 | Crear | Villager (Male) |
| 34:57 | Crear | Villager (Male) |
| 35:35 | Construir | Mill |
| 35:45 | Construir | Mill |
| 35:55 | Crear | Camel Archer |
| 35:55 | Crear | Camel Archer |
| 35:56 | Crear | Camel Archer |
| 36:09 | Crear | Camel Archer |
| 36:10 | Crear | Camel Archer |
| 36:14 | Crear | Camel Scout |
| 36:14 | Crear | Camel Scout |
| 37:00 | Investigar | Pikeman (upgrade) |
| 37:01 | Crear | Spearman |
| 37:01 | Crear | Spearman |
| 37:02 | Crear | Spearman |
| 37:23 | Crear | Villager (Male) |
| 37:24 | Crear | Villager (Male) |
| 38:19 | Crear | Camel Archer |
| 38:19 | Crear | Camel Archer |
| 39:02 | Construir | Siege Workshop |
Build order — Booger Flicker X
18 acciones detectadas en el replay
| 4:13 | Investigar | Loom |
| 4:16 | Crear | Villager (Male) ×4 |
| 6:13 | Construir | Palisade Wall |
| 6:17 | Construir | Palisade Wall |
| 6:20 | Construir | Palisade Wall |
| 6:22 | Construir | Palisade Wall |
| 6:41 | Construir | Palisade Wall |
| 6:43 | Construir | Palisade Wall |
| 8:27 | Construir | Palisade Wall |
| 8:31 | Construir | Palisade Wall |
| 8:34 | Construir | Palisade Wall |
| 10:06 | Construir | Palisade Wall |
| 10:07 | Construir | Palisade Wall |
| 10:25 | Construir | Palisade Wall |
| 10:26 | Construir | Palisade Wall |
| 10:28 | Construir | Palisade Wall |
| 10:30 | Construir | Palisade Wall |
| 12:15 | Construir | Palisade Wall |
Build order — CENAZE İŞLERİ
Primeras 150 de 195 acciones detectadas
| 0:12 | Construir | House |
| 0:14 | Construir | House |
| 0:16 | Construir | House |
| 0:18 | Construir | House |
| 0:20 | Investigar | Loom |
| 0:21 | Crear | Villager (Male) ×4 |
| 2:24 | Crear | Villager (Male) |
| 2:35 | Crear | Villager (Male) |
| 3:18 | Crear | Villager (Male) |
| 3:19 | Crear | Villager (Male) |
| 3:19 | Crear | Villager (Male) |
| 3:45 | Crear | Villager (Male) |
| 3:45 | Crear | Villager (Male) |
| 4:26 | Crear | Villager (Male) ×2 |
| 5:30 | Crear | Villager (Male) |
| 5:30 | Crear | Villager (Male) |
| 5:56 | Crear | Villager (Male) |
| 5:57 | Crear | Villager (Male) |
| 7:11 | Construir | Lumber Camp |
| 7:27 | Crear | Villager (Male) |
| 7:27 | Crear | Villager (Male) |
| 7:47 | Construir | Mill |
| 8:12 | Construir | Mill |
| 8:18 | Crear | Villager (Male) |
| 8:18 | Crear | Villager (Male) |
| 8:55 | Construir | Mining Camp |
| 9:10 | Investigar | Feudal Age |
| 9:45 | Construir | House |
| 9:48 | Construir | House |
| 9:49 | Construir | House |
| 9:54 | Construir | House |
| 10:57 | Construir | Mill |
| 11:20 | Edad | Edad Feudal |
| 11:23 | Crear | Villager (Male) ×5 |
| 11:35 | Construir | Blacksmith |
| 11:43 | Construir | Barracks |
| 12:15 | Investigar | Double-Bit Axe |
| 12:37 | Investigar | Horse Collar |
| 13:34 | Investigar | Wheelbarrow |
| 13:48 | Construir | Archery Range |
| 14:30 | Construir | Mill |
| 14:35 | Crear | Villager (Male) |
| 14:35 | Crear | Villager (Male) |
| 14:50 | Construir | Mining Camp |
| 15:18 | Construir | Mill |
| 15:28 | Crear | Villager (Male) |
| 15:28 | Crear | Villager (Male) |
| 16:12 | Construir | Stone Wall |
| 17:08 | Investigar | Castle Age |
| 17:19 | Construir | Stone Wall |
| 17:21 | Construir | Stone Wall |
| 17:48 | Construir | Farm |
| 17:48 | Construir | Farm |
| 17:48 | Construir | Farm |
| 17:48 | Construir | Farm |
| 17:49 | Construir | Farm |
| 17:51 | Construir | Farm |
| 17:52 | Construir | Farm |
| 17:53 | Construir | Farm |
| 18:10 | Construir | Stone Wall |
| 18:43 | Construir | Gate |
| 19:01 | Construir | Gate |
| 19:12 | Construir | Stone Wall |
| 19:14 | Construir | Stone Wall |
| 19:48 | Edad | Edad de los Castillos |
| 19:50 | Investigar | Gold Mining |
| 19:52 | Investigar | Stone Mining |
| 20:16 | Construir | Town Center |
| 20:31 | Construir | Farm |
| 20:32 | Construir | Farm |
| 20:32 | Construir | Farm |
| 20:34 | Construir | Farm |
| 20:34 | Construir | Farm |
| 20:35 | Construir | Farm |
| 20:40 | Investigar | Heavy Plow |
| 20:43 | Crear | Villager (Male) ×5 |
| 21:05 | Construir | Stone Wall |
| 21:11 | Construir | Gate |
| 21:34 | Crear | Villager (Male) ×5 |
| 21:54 | Construir | University |
| 22:18 | Crear | Villager (Male) ×5 |
| 22:26 | Investigar | Stone Shaft Mining |
| 22:44 | Investigar | Bow Saw |
| 23:25 | Construir | Stone Wall |
| 23:46 | Investigar | Hand Cart |
| 23:47 | Crear | Villager (Male) |
| 24:12 | Crear | Villager (Male) |
| 24:12 | Crear | Villager (Male) |
| 24:15 | Investigar | Town Watch |
| 24:48 | Construir | Gate |
| 25:01 | Crear | Villager (Male) |
| 25:02 | Crear | Villager (Male) |
| 25:08 | Construir | House |
| 25:10 | Construir | House |
| 25:11 | Construir | House |
| 25:13 | Construir | House |
| 25:14 | Construir | House |
| 25:15 | Construir | House |
| 25:19 | Construir | House |
| 25:20 | Construir | House |
| 25:45 | Investigar | Town Patrol |
| 25:46 | Crear | Villager (Male) ×2 |
| 25:49 | Investigar | Ballistics |
| 26:20 | Construir | Market |
| 26:25 | Construir | Market |
| 26:37 | Crear | Villager (Male) ×5 |
| 26:49 | Construir | Farm |
| 26:51 | Construir | Farm |
| 26:52 | Construir | Farm |
| 26:53 | Construir | Farm |
| 26:58 | Construir | Mill |
| 27:13 | Construir | Farm |
| 27:16 | Construir | Farm |
| 27:41 | Construir | Castle |
| 27:45 | Construir | Mining Camp |
| 28:06 | Construir | Farm |
| 28:24 | Investigar | Caravan |
| 28:51 | Crear | Trade Cart ×5 |
| 28:55 | Crear | Trade Cart |
| 29:00 | Construir | House |
| 29:02 | Construir | House |
| 29:22 | Construir | Mill |
| 29:30 | Construir | Mining Camp |
| 29:50 | Construir | Mining Camp |
| 30:40 | Investigar | Imperial Age |
| 31:06 | Construir | Stone Wall |
| 31:11 | Construir | Stone Wall |
| 31:15 | Construir | Stone Wall |
| 31:29 | Construir | Gate |
| 31:43 | Crear | Villager (Male) ×5 |
| 31:57 | Construir | Mining Camp |
| 32:13 | Crear | Trade Cart ×5 |
| 32:14 | Crear | Trade Cart |
| 32:50 | Construir | Gate |
| 32:56 | Construir | Castle |
| 33:04 | Investigar | Treadmill Crane |
| 33:07 | Investigar | Fortified Wall (upgrade) |
| 33:21 | Construir | Mining Camp |
| 33:28 | Crear | Villager (Male) ×5 |
| 33:50 | Edad | Edad Imperial |
| 33:51 | Investigar | Masonry |
| 33:52 | Investigar | Chemistry |
| 34:25 | Construir | Monastery |
| 34:33 | Construir | Lumber Camp |
| 34:43 | Crear | Villager (Male) ×5 |
| 35:04 | Construir | Feitoria |
| 35:16 | Construir | Mining Camp |
| 35:21 | Investigar | Elite Organ Gun (upgrade) |
| 35:37 | Construir | Mill |
| 35:40 | Construir | Farm |
Build order — alessiodos
Primeras 150 de 191 acciones detectadas
| 0:04 | Crear | Villager (Male) ×4 |
| 0:07 | Construir | House |
| 0:13 | Construir | House |
| 0:33 | Investigar | Loom |
| 2:08 | Crear | Villager (Male) ×2 |
| 2:09 | Crear | Villager (Male) ×2 |
| 2:38 | Crear | Villager (Male) |
| 3:06 | Crear | Villager (Male) |
| 3:23 | Construir | Palisade Wall |
| 3:44 | Construir | House |
| 4:11 | Crear | Villager (Male) ×3 |
| 4:21 | Crear | Villager (Male) |
| 5:19 | Construir | House |
| 5:25 | Construir | House |
| 5:25 | Construir | House |
| 5:28 | Construir | House |
| 5:29 | Construir | House |
| 6:07 | Construir | Palisade Wall |
| 6:17 | Construir | Palisade Wall |
| 6:27 | Construir | Palisade Wall |
| 6:34 | Construir | Palisade Wall |
| 6:43 | Construir | Palisade Wall |
| 6:44 | Crear | Villager (Male) ×5 |
| 7:19 | Construir | Palisade Wall |
| 8:29 | Construir | Lumber Camp |
| 8:36 | Crear | Villager (Male) ×5 |
| 9:26 | Crear | Villager (Male) ×2 |
| 10:00 | Construir | Mill |
| 10:51 | Crear | Villager (Male) ×5 |
| 11:17 | Construir | Mining Camp |
| 11:27 | Construir | Mining Camp |
| 12:22 | Construir | House |
| 13:15 | Crear | Villager (Male) ×5 |
| 13:15 | Crear | Villager (Male) ×5 |
| 13:15 | Crear | Villager (Male) ×4 |
| 13:39 | Investigar | Feudal Age |
| 14:17 | Crear | Villager (Male) |
| 14:19 | Crear | Villager (Male) |
| 14:43 | Construir | House |
| 14:45 | Construir | House |
| 14:46 | Construir | House |
| 14:50 | Construir | House |
| 14:51 | Construir | House |
| 14:53 | Construir | House |
| 14:59 | Construir | Outpost |
| 15:07 | Construir | Barracks |
| 15:13 | Construir | House |
| 15:23 | Construir | House |
| 16:25 | Edad | Edad Feudal |
| 16:25 | Investigar | Double-Bit Axe |
| 16:26 | Investigar | Double-Bit Axe |
| 16:32 | Investigar | Horse Collar |
| 16:36 | Investigar | Wheelbarrow |
| 16:51 | Construir | Farm |
| 16:51 | Construir | Farm |
| 16:52 | Construir | Farm |
| 16:52 | Construir | Farm |
| 16:52 | Construir | Farm |
| 16:53 | Construir | Farm |
| 16:53 | Construir | Farm |
| 16:53 | Construir | Farm |
| 16:53 | Construir | Farm |
| 16:54 | Construir | Farm |
| 17:10 | Construir | Farm |
| 17:10 | Construir | Farm |
| 17:11 | Construir | Farm |
| 17:11 | Construir | Farm |
| 17:11 | Construir | Farm |
| 17:12 | Construir | Farm |
| 17:12 | Construir | Farm |
| 17:12 | Construir | Farm |
| 17:20 | Crear | Villager (Male) ×2 |
| 17:44 | Crear | Villager (Male) |
| 18:10 | Investigar | Gold Mining |
| 18:52 | Crear | Villager (Male) ×2 |
| 19:11 | Investigar | Town Watch |
| 19:38 | Construir | Farm |
| 19:40 | Construir | Farm |
| 19:56 | Investigar | Stone Mining |
| 20:19 | Construir | Watch Tower |
| 20:45 | Construir | Barracks |
| 21:03 | Crear | Villager (Male) |
| 21:07 | Crear | Villager (Male) |
| 21:08 | Crear | Villager (Male) |
| 21:19 | Construir | Mill |
| 21:21 | Construir | Farm |
| 21:22 | Construir | Farm |
| 21:22 | Construir | Farm |
| 21:22 | Construir | Farm |
| 21:23 | Construir | Farm |
| 21:23 | Construir | Farm |
| 21:23 | Construir | Farm |
| 21:40 | Construir | Farm |
| 22:04 | Crear | Villager (Male) |
| 22:06 | Crear | Villager (Male) |
| 22:06 | Crear | Villager (Male) |
| 22:27 | Construir | Blacksmith |
| 22:35 | Construir | Market |
| 23:00 | Crear | Spearman ×5 |
| 23:01 | Investigar | Arson |
| 23:01 | Investigar | Arson |
| 23:03 | Investigar | Man-at-Arms (upgrade) |
| 23:04 | Crear | Militia ×5 |
| 23:12 | Construir | Archery Range |
| 23:30 | Construir | Stable |
| 24:31 | Construir | Market |
| 24:37 | Construir | Watch Tower |
| 24:53 | Investigar | Forging |
| 24:53 | Investigar | Scale Mail Armor |
| 24:56 | Investigar | Fletching |
| 24:56 | Investigar | Padded Archer Armor |
| 24:58 | Investigar | Scale Barding Armor |
| 25:32 | Investigar | Castle Age |
| 25:35 | Crear | Villager (Male) ×5 |
| 25:45 | Construir | Lumber Camp |
| 25:50 | Construir | Lumber Camp |
| 25:56 | Construir | Lumber Camp |
| 26:04 | Crear | Trade Cart |
| 26:44 | Investigar | Bloodlines |
| 26:45 | Crear | Scout Cavalry ×5 |
| 27:00 | Construir | House |
| 27:03 | Construir | House |
| 27:05 | Construir | House |
| 28:12 | Edad | Edad de los Castillos |
| 28:12 | Investigar | Bow Saw |
| 28:22 | Investigar | Heavy Plow |
| 28:26 | Investigar | Stone Shaft Mining |
| 28:26 | Investigar | Stone Shaft Mining |
| 28:36 | Construir | Castle |
| 29:14 | Construir | Town Center |
| 29:37 | Investigar | Hand Cart |
| 29:40 | Investigar | Bodkin Arrow |
| 30:20 | Construir | Stone Wall |
| 30:50 | Crear | Villager (Male) ×5 |
| 30:57 | Crear | Villager (Male) ×5 |
| 31:04 | Crear | Villager (Male) ×5 |
| 31:17 | Crear | Genoese Crossbowman ×5 |
| 31:19 | Investigar | Silk Road |
| 31:27 | Investigar | Caravan |
| 32:05 | Construir | Palisade Wall |
| 32:38 | Investigar | Light Cavalry (upgrade) |
| 32:38 | Investigar | Husbandry |
| 33:11 | Investigar | Thumb Ring |
| 33:15 | Investigar | Elite Skirmisher (upgrade) |
| 33:18 | Crear | Skirmisher ×5 |
| 33:18 | Crear | Skirmisher ×5 |
| 33:19 | Crear | Skirmisher ×5 |
| 33:19 | Crear | Skirmisher ×3 |
| 33:23 | Investigar | Pikeman (upgrade) |
| 33:23 | Investigar | Squires |
Build order — Mqhst
Primeras 150 de 255 acciones detectadas
| 0:15 | Construir | House |
| 0:54 | Crear | Villager (Male) |
| 0:54 | Crear | Villager (Male) |
| 0:54 | Crear | Villager (Male) |
| 0:54 | Crear | Villager (Male) |
| 0:55 | Crear | Villager (Male) |
| 1:03 | Construir | House |
| 2:03 | Construir | House |
| 2:15 | Crear | Villager (Male) |
| 2:15 | Crear | Villager (Male) |
| 2:18 | Investigar | Loom |
| 2:39 | Construir | House |
| 2:46 | Crear | Villager (Male) |
| 2:46 | Crear | Villager (Male) |
| 3:15 | Construir | House |
| 3:20 | Crear | Villager (Male) |
| 3:20 | Crear | Villager (Male) |
| 3:53 | Crear | Villager (Male) |
| 3:53 | Crear | Villager (Male) |
| 3:53 | Crear | Villager (Male) |
| 5:19 | Crear | Villager (Male) |
| 5:20 | Crear | Villager (Male) |
| 5:20 | Crear | Villager (Male) |
| 5:22 | Crear | Villager (Male) |
| 5:49 | Crear | Villager (Male) |
| 5:50 | Crear | Villager (Male) |
| 7:28 | Construir | Mill |
| 11:00 | Construir | Lumber Camp |
| 11:07 | Investigar | Feudal Age |
| 11:47 | Construir | Mill |
| 12:10 | Construir | Farm |
| 12:11 | Construir | Farm |
| 12:12 | Construir | Farm |
| 12:13 | Construir | Farm |
| 12:15 | Construir | Farm |
| 12:38 | Crear | Villager (Male) |
| 12:38 | Crear | Villager (Male) |
| 13:17 | Edad | Edad Feudal |
| 13:20 | Investigar | Wheelbarrow |
| 13:23 | Investigar | Town Watch |
| 13:24 | Crear | Villager (Male) |
| 13:24 | Crear | Villager (Male) |
| 13:25 | Crear | Villager (Male) |
| 13:25 | Crear | Villager (Male) |
| 13:25 | Crear | Villager (Male) |
| 13:55 | Investigar | Double-Bit Axe |
| 15:10 | Investigar | Horse Collar |
| 15:34 | Construir | Mining Camp |
| 15:47 | Construir | Mining Camp |
| 15:57 | Crear | Villager (Male) |
| 15:57 | Crear | Villager (Male) |
| 15:58 | Crear | Villager (Male) |
| 15:58 | Crear | Villager (Male) |
| 15:58 | Crear | Villager (Male) |
| 15:58 | Crear | Villager (Male) |
| 16:00 | Crear | Villager (Male) |
| 16:01 | Crear | Villager (Male) |
| 16:26 | Construir | House |
| 16:27 | Construir | House |
| 16:29 | Construir | House |
| 16:30 | Construir | House |
| 16:38 | Crear | Villager (Male) |
| 16:38 | Crear | Villager (Male) |
| 16:39 | Crear | Villager (Male) |
| 16:39 | Crear | Villager (Male) |
| 17:08 | Investigar | Gold Mining |
| 17:38 | Investigar | Stone Mining |
| 18:57 | Crear | Villager (Male) |
| 18:57 | Crear | Villager (Male) |
| 18:57 | Crear | Villager (Male) |
| 18:58 | Crear | Villager (Male) |
| 18:58 | Crear | Villager (Male) |
| 18:58 | Crear | Villager (Male) |
| 18:58 | Crear | Villager (Male) |
| 18:59 | Crear | Villager (Male) |
| 19:11 | Construir | House |
| 19:13 | Construir | House |
| 19:15 | Construir | House |
| 19:16 | Construir | House |
| 19:17 | Construir | House |
| 19:18 | Construir | House |
| 20:17 | Construir | Blacksmith |
| 21:06 | Construir | Farm |
| 21:06 | Construir | Farm |
| 21:49 | Construir | Market |
| 22:04 | Construir | Farm |
| 22:05 | Construir | Farm |
| 22:06 | Construir | Farm |
| 22:21 | Investigar | Castle Age |
| 22:26 | Crear | Villager (Male) |
| 22:27 | Crear | Villager (Male) |
| 22:27 | Crear | Villager (Male) |
| 22:27 | Crear | Villager (Male) |
| 22:54 | Construir | House |
| 23:20 | Construir | Farm |
| 23:23 | Construir | Farm |
| 24:08 | Construir | Stone Wall |
| 24:14 | Construir | Stone Wall |
| 24:22 | Construir | Stone Wall |
| 24:27 | Construir | Stone Wall |
| 24:34 | Construir | Gate |
| 25:12 | Edad | Edad de los Castillos |
| 25:14 | Construir | Lumber Camp |
| 25:28 | Construir | Town Center |
| 25:57 | Investigar | Bow Saw |
| 26:01 | Investigar | Heavy Plow |
| 26:06 | Investigar | Gold Shaft Mining |
| 26:10 | Investigar | Stone Shaft Mining |
| 26:14 | Crear | Villager (Male) |
| 26:14 | Crear | Villager (Male) |
| 26:15 | Crear | Villager (Male) |
| 26:15 | Crear | Villager (Male) |
| 26:15 | Crear | Villager (Male) |
| 26:15 | Crear | Villager (Male) |
| 26:16 | Crear | Villager (Male) |
| 27:20 | Crear | Villager (Male) |
| 27:20 | Crear | Villager (Male) |
| 27:20 | Crear | Villager (Male) |
| 27:21 | Crear | Villager (Male) |
| 27:21 | Crear | Villager (Male) |
| 27:21 | Crear | Villager (Male) |
| 27:38 | Construir | Farm |
| 27:39 | Construir | Farm |
| 27:40 | Construir | Farm |
| 27:41 | Construir | Farm |
| 27:43 | Construir | Farm |
| 27:44 | Construir | Farm |
| 28:25 | Construir | Castle |
| 28:59 | Construir | Stable |
| 29:01 | Construir | Stable |
| 29:02 | Construir | Stable |
| 29:32 | Crear | Villager (Male) |
| 29:33 | Crear | Villager (Male) |
| 29:33 | Crear | Villager (Male) |
| 29:33 | Crear | Villager (Male) |
| 29:36 | Investigar | Hand Cart |
| 29:38 | Crear | Villager (Male) |
| 29:39 | Crear | Villager (Male) |
| 29:39 | Crear | Villager (Male) |
| 29:39 | Crear | Villager (Male) |
| 29:40 | Crear | Villager (Male) |
| 29:54 | Crear | Villager (Male) |
| 29:56 | Crear | Villager (Male) |
| 29:56 | Crear | Villager (Male) |
| 30:45 | Crear | Villager (Male) |
| 30:46 | Crear | Villager (Male) |
| 30:46 | Crear | Villager (Male) |
| 30:47 | Crear | Villager (Male) |
| 30:48 | Crear | Villager (Male) |
| 30:48 | Crear | Villager (Male) |
Build order — akbasmuhammed61
Primeras 150 de 295 acciones detectadas
| 0:03 | Crear | Villager (Male) |
| 0:03 | Crear | Villager (Male) |
| 0:04 | Crear | Villager (Male) |
| 0:04 | Crear | Villager (Male) |
| 0:07 | Construir | House |
| 0:09 | Construir | House |
| 2:07 | Crear | Villager (Male) |
| 2:38 | Crear | Villager (Male) |
| 2:38 | Crear | Villager (Male) |
| 3:08 | Crear | Villager (Male) |
| 3:08 | Crear | Villager (Male) |
| 3:39 | Crear | Villager (Male) |
| 3:48 | Construir | House |
| 3:49 | Construir | House |
| 3:51 | Construir | House |
| 3:52 | Construir | House |
| 3:55 | Crear | Villager (Male) |
| 3:55 | Crear | Villager (Male) |
| 4:23 | Crear | Villager (Male) |
| 5:04 | Crear | Villager (Male) |
| 5:04 | Crear | Villager (Male) |
| 5:18 | Crear | Villager (Male) |
| 6:20 | Construir | Mill |
| 6:21 | Crear | Villager (Male) |
| 6:22 | Crear | Villager (Male) |
| 7:17 | Crear | Villager (Male) |
| 8:26 | Construir | House |
| 8:28 | Construir | House |
| 8:31 | Construir | House |
| 8:32 | Construir | House |
| 8:33 | Crear | Villager (Male) |
| 8:33 | Crear | Villager (Male) |
| 8:34 | Crear | Villager (Male) |
| 9:14 | Construir | House |
| 9:15 | Construir | House |
| 9:43 | Construir | Lumber Camp |
| 10:11 | Construir | Mining Camp |
| 10:20 | Investigar | Feudal Age |
| 10:20 | Investigar | Feudal Age |
| 10:50 | Construir | House |
| 11:30 | Construir | Barracks |
| 12:28 | Construir | Farm |
| 12:29 | Construir | Farm |
| 12:30 | Edad | Edad Feudal |
| 12:37 | Construir | House |
| 12:49 | Crear | Villager (Male) |
| 12:49 | Crear | Villager (Male) |
| 12:50 | Crear | Villager (Male) |
| 13:31 | Construir | Market |
| 13:42 | Crear | Villager (Male) |
| 14:16 | Construir | Lumber Camp |
| 14:23 | Crear | Villager (Male) |
| 14:41 | Construir | House |
| 14:58 | Construir | Mill |
| 15:07 | Crear | Villager (Male) |
| 15:07 | Crear | Villager (Male) |
| 15:21 | Construir | Blacksmith |
| 15:47 | Crear | Villager (Male) |
| 16:14 | Investigar | Castle Age |
| 16:20 | Crear | Spearman |
| 16:30 | Construir | House |
| 17:03 | Investigar | Double-Bit Axe |
| 17:24 | Investigar | Horse Collar |
| 17:36 | Construir | Mining Camp |
| 18:09 | Crear | Spearman |
| 19:02 | Edad | Edad de los Castillos |
| 19:05 | Crear | Villager (Male) |
| 19:05 | Crear | Villager (Male) |
| 19:13 | Construir | Town Center |
| 19:19 | Construir | Town Center |
| 19:37 | Crear | Villager (Male) |
| 19:38 | Crear | Villager (Male) |
| 19:53 | Construir | Town Center |
| 19:58 | Crear | Villager (Male) |
| 19:59 | Crear | Villager (Male) |
| 19:59 | Crear | Villager (Male) |
| 20:09 | Construir | Farm |
| 20:10 | Construir | Farm |
| 20:22 | Construir | Farm |
| 20:23 | Construir | Farm |
| 20:24 | Construir | Farm |
| 20:30 | Construir | Farm |
| 20:36 | Construir | Farm |
| 20:38 | Crear | Villager (Male) |
| 20:59 | Construir | Farm |
| 21:00 | Construir | Farm |
| 21:01 | Crear | Villager (Male) |
| 21:09 | Crear | Villager (Male) |
| 21:33 | Construir | Farm |
| 21:34 | Construir | Farm |
| 21:35 | Construir | Farm |
| 21:37 | Construir | Farm |
| 21:38 | Construir | Farm |
| 21:42 | Crear | Villager (Male) |
| 21:42 | Crear | Villager (Male) |
| 21:42 | Crear | Villager (Male) |
| 21:57 | Crear | Villager (Male) |
| 22:09 | Crear | Spearman |
| 22:31 | Crear | Villager (Male) |
| 22:32 | Crear | Villager (Male) |
| 22:48 | Construir | Farm |
| 22:49 | Construir | Farm |
| 22:51 | Construir | Farm |
| 22:52 | Construir | Farm |
| 22:54 | Crear | Villager (Male) |
| 22:55 | Crear | Villager (Male) |
| 22:55 | Crear | Villager (Male) |
| 23:25 | Investigar | Pikeman (upgrade) |
| 23:26 | Crear | Spearman |
| 23:26 | Crear | Villager (Male) |
| 23:33 | Crear | Villager (Male) |
| 23:52 | Construir | Castle |
| 24:00 | Crear | Spearman |
| 24:00 | Crear | Spearman |
| 24:02 | Crear | Villager (Male) |
| 24:02 | Crear | Villager (Male) |
| 24:03 | Crear | Villager (Male) |
| 24:10 | Crear | Villager (Male) |
| 24:11 | Crear | Villager (Male) |
| 24:11 | Crear | Villager (Male) |
| 24:21 | Crear | Villager (Male) |
| 24:36 | Crear | Villager (Male) |
| 24:36 | Crear | Villager (Male) |
| 24:49 | Crear | Villager (Male) |
| 24:49 | Crear | Villager (Male) |
| 24:50 | Crear | Villager (Male) |
| 24:55 | Construir | Farm |
| 25:01 | Crear | Villager (Male) |
| 25:09 | Construir | Farm |
| 25:24 | Construir | Town Center |
| 25:30 | Crear | Longbowman |
| 25:30 | Crear | Longbowman |
| 25:35 | Crear | Spearman |
| 25:40 | Crear | Villager (Male) |
| 25:40 | Crear | Villager (Male) |
| 25:40 | Crear | Villager (Male) |
| 25:41 | Crear | Villager (Male) |
| 25:41 | Crear | Villager (Male) |
| 25:41 | Crear | Villager (Male) |
| 25:56 | Investigar | Gold Mining |
| 26:16 | Crear | Villager (Male) |
| 26:17 | Crear | Villager (Male) |
| 26:17 | Crear | Villager (Male) |
| 26:17 | Crear | Villager (Male) |
| 26:25 | Construir | Town Center |
| 26:39 | Construir | Farm |
| 26:41 | Construir | Farm |
| 26:43 | Construir | Farm |
| 26:44 | Construir | Farm |
| 26:46 | Construir | Farm |
Build order — sburaks
Primeras 150 de 172 acciones detectadas
| 0:04 | Crear | Villager (Male) ×4 |
| 0:07 | Construir | House |
| 0:42 | Construir | Mill |
| 1:51 | Crear | Villager (Male) |
| 2:13 | Crear | Villager (Male) |
| 2:36 | Crear | Villager (Male) |
| 2:48 | Construir | House |
| 3:02 | Crear | Villager (Male) |
| 3:19 | Crear | Villager (Male) |
| 3:58 | Construir | Palisade Gate |
| 4:03 | Crear | Villager (Male) ×2 |
| 4:19 | Crear | Villager (Male) |
| 5:08 | Construir | House |
| 5:14 | Crear | Villager (Male) ×3 |
| 6:26 | Crear | Villager (Male) |
| 7:24 | Crear | Villager (Male) |
| 7:24 | Crear | Villager (Male) |
| 8:00 | Construir | House |
| 8:58 | Crear | Villager (Male) ×5 |
| 10:05 | Construir | House |
| 10:36 | Construir | Lumber Camp |
| 11:12 | Investigar | Feudal Age |
| 11:58 | Crear | Villager (Male) ×5 |
| 12:05 | Construir | Palisade Gate |
| 12:15 | Construir | Palisade Wall |
| 12:37 | Construir | Mining Camp |
| 13:02 | Construir | House |
| 13:04 | Construir | House |
| 13:11 | Crear | Villager (Male) ×5 |
| 13:31 | Edad | Edad Feudal |
| 13:46 | Investigar | Wheelbarrow |
| 13:50 | Crear | Villager (Male) ×5 |
| 13:53 | Crear | Villager (Male) ×5 |
| 13:53 | Crear | Villager (Male) ×2 |
| 14:10 | Construir | Blacksmith |
| 14:46 | Construir | Palisade Gate |
| 14:57 | Construir | Palisade Gate |
| 14:59 | Construir | Palisade Wall |
| 15:42 | Construir | Palisade Wall |
| 16:05 | Construir | Palisade Wall |
| 16:16 | Construir | Palisade Gate |
| 16:18 | Construir | Palisade Wall |
| 16:45 | Construir | Palisade Wall |
| 16:48 | Construir | Palisade Gate |
| 16:54 | Construir | Farm |
| 17:20 | Construir | Farm |
| 17:22 | Construir | Farm |
| 18:10 | Construir | Farm |
| 18:18 | Construir | Farm |
| 18:19 | Construir | Farm |
| 18:20 | Construir | Farm |
| 18:21 | Construir | Farm |
| 18:23 | Construir | Farm |
| 18:24 | Construir | Farm |
| 18:30 | Construir | Farm |
| 18:32 | Construir | Farm |
| 18:33 | Construir | Farm |
| 18:34 | Construir | Farm |
| 18:38 | Crear | Villager (Male) |
| 18:45 | Construir | Market |
| 19:48 | Crear | Villager (Male) ×5 |
| 20:30 | Crear | Trade Cart |
| 20:30 | Crear | Trade Cart |
| 20:31 | Crear | Trade Cart |
| 21:04 | Construir | Palisade Wall |
| 21:06 | Construir | Palisade Wall |
| 21:07 | Construir | Palisade Wall |
| 21:10 | Construir | Palisade Wall |
| 21:47 | Construir | House |
| 21:58 | Investigar | Castle Age |
| 22:30 | Construir | Mining Camp |
| 22:42 | Construir | Barracks |
| 22:48 | Crear | Villager (Male) ×4 |
| 23:04 | Investigar | Double-Bit Axe |
| 23:07 | Investigar | Horse Collar |
| 23:25 | Construir | Stable |
| 24:04 | Crear | Trade Cart |
| 24:04 | Crear | Trade Cart |
| 24:04 | Crear | Trade Cart |
| 24:13 | Crear | Spearman |
| 24:14 | Crear | Spearman |
| 24:14 | Crear | Spearman |
| 24:29 | Construir | Archery Range |
| 24:38 | Edad | Edad de los Castillos |
| 24:47 | Construir | Town Center |
| 25:05 | Crear | Genitour ×5 |
| 25:11 | Construir | Archery Range |
| 25:25 | Crear | Villager (Male) ×5 |
| 25:28 | Crear | Villager (Male) |
| 25:39 | Construir | Town Center |
| 25:49 | Construir | Siege Workshop |
| 25:53 | Crear | Genitour ×4 |
| 25:57 | Crear | Genitour |
| 27:04 | Crear | Villager (Male) ×5 |
| 27:07 | Crear | Genitour |
| 27:13 | Construir | Farm |
| 27:20 | Construir | Farm |
| 27:26 | Crear | Villager (Male) |
| 27:29 | Construir | Farm |
| 27:34 | Construir | Farm |
| 27:48 | Crear | Scorpion |
| 27:49 | Crear | Scorpion |
| 27:49 | Crear | Scorpion |
| 28:02 | Crear | Villager (Male) ×2 |
| 28:07 | Construir | Farm |
| 28:10 | Crear | Villager (Male) |
| 28:21 | Crear | Genitour |
| 28:31 | Crear | Villager (Male) |
| 28:53 | Construir | Town Center |
| 29:07 | Crear | Genitour ×4 |
| 29:16 | Crear | Scorpion |
| 29:16 | Crear | Scorpion |
| 29:23 | Construir | House |
| 29:24 | Construir | House |
| 29:25 | Construir | House |
| 29:42 | Crear | Battering Ram |
| 29:53 | Construir | House |
| 29:58 | Construir | House |
| 30:25 | Investigar | Hand Cart |
| 30:30 | Construir | Farm |
| 30:31 | Construir | Farm |
| 30:31 | Construir | Farm |
| 30:32 | Construir | Farm |
| 30:36 | Construir | Farm |
| 30:40 | Crear | Villager (Male) |
| 30:43 | Crear | Genitour |
| 30:44 | Crear | Genitour |
| 31:06 | Construir | Barracks |
| 31:14 | Investigar | Fletching |
| 31:14 | Investigar | Padded Archer Armor |
| 31:22 | Crear | Villager (Male) |
| 31:25 | Construir | Farm |
| 31:43 | Crear | Villager (Male) |
| 31:44 | Crear | Villager (Male) |
| 31:54 | Crear | Genitour ×3 |
| 32:07 | Construir | Barracks |
| 32:17 | Crear | Spearman ×5 |
| 32:20 | Crear | Battering Ram |
| 32:33 | Construir | Farm |
| 32:34 | Construir | Farm |
| 32:35 | Construir | Farm |
| 32:36 | Construir | Farm |
| 32:37 | Construir | Farm |
| 32:38 | Construir | Farm |
| 32:43 | Construir | Lumber Camp |
| 32:56 | Crear | Battering Ram |
| 33:00 | Investigar | Squires |
| 33:35 | Crear | Spearman ×5 |
| 33:52 | Crear | Spearman ×5 |
| 33:57 | Crear | Scorpion |
Build order — 宫水三叶
Primeras 150 de 272 acciones detectadas
| 0:03 | Crear | Villager (Male) ×4 |
| 0:05 | Construir | House |
| 0:06 | Construir | House |
| 1:44 | Crear | Villager (Male) |
| 1:45 | Crear | Villager (Male) |
| 1:45 | Crear | Villager (Male) |
| 1:49 | Construir | Lumber Camp |
| 2:09 | Crear | Villager (Male) |
| 2:10 | Crear | Villager (Male) |
| 2:10 | Crear | Villager (Male) |
| 2:34 | Crear | Villager (Male) |
| 2:34 | Crear | Villager (Male) |
| 2:44 | Construir | House |
| 2:46 | Construir | House |
| 3:03 | Crear | Villager (Male) |
| 3:03 | Crear | Villager (Male) |
| 3:03 | Crear | Villager (Male) |
| 3:32 | Crear | Villager (Male) |
| 3:32 | Crear | Villager (Male) |
| 3:47 | Crear | Villager (Male) |
| 3:48 | Crear | Villager (Male) |
| 4:21 | Crear | Villager (Male) |
| 4:22 | Crear | Villager (Male) |
| 4:22 | Crear | Villager (Male) |
| 4:22 | Crear | Villager (Male) |
| 4:56 | Construir | House |
| 5:17 | Crear | Villager (Male) |
| 5:17 | Crear | Villager (Male) |
| 5:17 | Crear | Villager (Male) |
| 5:54 | Investigar | Loom |
| 6:09 | Crear | Villager (Male) |
| 6:12 | Crear | Villager (Male) |
| 6:12 | Investigar | Loom |
| 6:22 | Construir | Mill |
| 7:22 | Crear | Villager (Male) |
| 7:46 | Crear | Villager (Male) |
| 8:10 | Construir | Mill |
| 8:38 | Investigar | Feudal Age |
| 8:39 | Investigar | Feudal Age |
| 8:39 | Investigar | Feudal Age |
| 9:09 | Construir | Barracks |
| 10:32 | Crear | Villager (Male) |
| 10:32 | Crear | Villager (Male) |
| 10:48 | Edad | Edad Feudal |
| 11:14 | Construir | Stable |
| 11:40 | Crear | Villager (Male) |
| 11:41 | Crear | Villager (Male) |
| 11:41 | Crear | Villager (Male) |
| 12:05 | Construir | House |
| 12:06 | Construir | Palisade Wall |
| 12:14 | Construir | House |
| 12:24 | Construir | House |
| 12:35 | Crear | Villager (Male) |
| 12:36 | Crear | Villager (Male) |
| 12:53 | Construir | House |
| 12:54 | Construir | House |
| 13:08 | Construir | House |
| 13:11 | Crear | Scout Cavalry |
| 13:12 | Crear | Scout Cavalry |
| 13:12 | Crear | Scout Cavalry |
| 14:03 | Construir | Farm |
| 14:17 | Crear | Villager (Male) |
| 14:18 | Crear | Villager (Male) |
| 14:22 | Construir | Farm |
| 14:44 | Crear | Villager (Male) |
| 14:53 | Construir | Farm |
| 14:56 | Crear | Villager (Male) |
| 15:33 | Construir | Mining Camp |
| 15:34 | Construir | Palisade Wall |
| 15:40 | Construir | Farm |
| 15:41 | Construir | Farm |
| 15:43 | Construir | Farm |
| 15:44 | Construir | Farm |
| 15:45 | Construir | Farm |
| 15:46 | Construir | Farm |
| 15:50 | Crear | Villager (Male) |
| 16:00 | Construir | Blacksmith |
| 16:16 | Crear | Villager (Male) |
| 16:49 | Crear | Villager (Male) |
| 16:50 | Crear | Villager (Male) |
| 17:21 | Investigar | Double-Bit Axe |
| 17:43 | Crear | Villager (Male) |
| 17:43 | Crear | Villager (Male) |
| 17:48 | Investigar | Horse Collar |
| 18:11 | Investigar | Castle Age |
| 18:32 | Construir | Stable |
| 18:33 | Construir | Stable |
| 18:57 | Investigar | Bloodlines |
| 18:57 | Investigar | Bloodlines |
| 19:11 | Investigar | Scale Barding Armor |
| 19:12 | Investigar | Scale Barding Armor |
| 19:32 | Construir | Stable |
| 19:33 | Construir | Stable |
| 19:57 | Construir | Farm |
| 19:58 | Construir | Farm |
| 19:59 | Construir | Farm |
| 20:02 | Construir | Farm |
| 20:04 | Construir | Farm |
| 20:05 | Construir | Farm |
| 20:07 | Construir | Farm |
| 20:09 | Construir | Farm |
| 20:23 | Construir | House |
| 20:24 | Construir | House |
| 20:25 | Construir | House |
| 20:26 | Construir | House |
| 20:31 | Crear | Villager (Male) |
| 20:31 | Crear | Villager (Male) |
| 20:31 | Crear | Villager (Male) |
| 21:13 | Edad | Edad de los Castillos |
| 21:13 | Investigar | Bow Saw |
| 21:14 | Investigar | Heavy Plow |
| 21:50 | Construir | Town Center |
| 22:35 | Crear | Villager (Male) |
| 22:35 | Crear | Villager (Male) |
| 22:35 | Crear | Villager (Male) |
| 23:05 | Construir | Farm |
| 23:08 | Crear | Villager (Male) |
| 23:16 | Crear | Villager (Male) |
| 23:17 | Crear | Villager (Male) |
| 23:17 | Crear | Villager (Male) |
| 23:26 | Crear | Knight ×5 |
| 23:26 | Crear | Knight ×5 |
| 23:36 | Construir | Town Center |
| 23:51 | Construir | Farm |
| 23:57 | Investigar | Wheelbarrow |
| 23:58 | Investigar | Wheelbarrow |
| 24:11 | Construir | Farm |
| 24:14 | Crear | Villager (Male) |
| 24:36 | Construir | Farm |
| 24:42 | Crear | Villager (Male) |
| 24:42 | Crear | Villager (Male) |
| 24:48 | Crear | Villager (Male) |
| 24:48 | Crear | Villager (Male) |
| 24:52 | Crear | Villager (Male) |
| 24:56 | Crear | Villager (Male) |
| 24:57 | Crear | Villager (Male) |
| 24:59 | Construir | Farm |
| 25:25 | Crear | Villager (Male) |
| 25:27 | Construir | Farm |
| 25:39 | Crear | Villager (Male) |
| 25:51 | Crear | Villager (Male) |
| 25:54 | Construir | Farm |
| 25:57 | Crear | Villager (Male) |
| 25:58 | Crear | Villager (Male) |
| 26:16 | Investigar | Chain Barding Armor |
| 26:22 | Crear | Villager (Male) |
| 26:23 | Crear | Villager (Male) |
| 26:25 | Construir | Farm |
| 26:33 | Construir | Farm |
| 26:35 | Crear | Villager (Male) |
Cronología de la partida
| 3:23 | alessiodos · wall_segment Palisade Wall x58 |
| 6:07 | alessiodos · wall_segment Palisade Wall x33 |
| 6:13 | Booger Flicker X · wall_segment Palisade Wall x1 |
| 6:17 | Booger Flicker X · wall_segment Palisade Wall x1 |
| 6:17 | alessiodos · wall_segment Palisade Wall x19 |
| 6:20 | Booger Flicker X · wall_segment Palisade Wall x1 |
| 6:22 | Booger Flicker X · wall_segment Palisade Wall x1 |
| 6:27 | alessiodos · wall_segment Palisade Wall x16 |
| 6:34 | alessiodos · wall_segment Palisade Wall x12 |
| 6:41 | Booger Flicker X · wall_segment Palisade Wall x1 |
| 6:43 | Booger Flicker X · wall_segment Palisade Wall x1 |
| 6:43 | alessiodos · wall_segment Palisade Wall x4 |
| 7:01 | Makynka.4 · wall_segment Palisade Wall x30 |
| 7:19 | alessiodos · wall_segment Palisade Wall x3 |
| 8:27 | Booger Flicker X · wall_segment Palisade Wall x1 |
| 8:31 | Booger Flicker X · wall_segment Palisade Wall x1 |
| 8:34 | Booger Flicker X · wall_segment Palisade Wall x1 |
| 9:09 | 宫水三叶 · first_building Barracks |
| 10:06 | Booger Flicker X · wall_segment Palisade Wall x1 |
| 10:07 | Booger Flicker X · wall_segment Palisade Wall x1 |
| 10:25 | Booger Flicker X · wall_segment Palisade Wall x1 |
| 10:26 | Booger Flicker X · wall_segment Palisade Wall x1 |
| 10:28 | Booger Flicker X · wall_segment Palisade Wall x1 |
| 10:30 | Booger Flicker X · wall_segment Palisade Wall x1 |
| 10:48 | 宫水三叶 · age_up feudal |
| 11:14 | 宫水三叶 · first_building Stable |
| 11:20 | CENAZE İŞLERİ · age_up feudal |
| 11:30 | akbasmuhammed61 · first_building Barracks |
| 11:43 | CENAZE İŞLERİ · first_building Barracks |
| 12:06 | 宫水三叶 · wall_segment Palisade Wall x1 |
| 12:15 | sburaks · wall_segment Palisade Wall x25 |
| 12:15 | Booger Flicker X · wall_segment Palisade Wall x1 |
| 12:22 | Makynka.4 · age_up feudal |
| 12:30 | akbasmuhammed61 · age_up feudal |
| 12:36 | Booger Flicker X · resign |
| 13:09 | Makynka.4 · wall_segment Stone Wall x29 |
| 13:17 | Mqhst · age_up feudal |
| 13:31 | sburaks · age_up feudal |
| 13:48 | CENAZE İŞLERİ · first_building Archery Range |
| 14:59 | sburaks · wall_segment Palisade Wall x11 |
| 15:07 | alessiodos · first_building Barracks |
| 15:22 | Makynka.4 · wall_segment Stone Wall x3 |
| 15:34 | 宫水三叶 · wall_segment Palisade Wall x1 |
| 15:42 | sburaks · wall_segment Palisade Wall x3 |
| 16:01 | akbasmuhammed61 · first_market_sell 100 wood |
| 16:03 | akbasmuhammed61 · first_market_buy 100 food |
| 16:05 | sburaks · wall_segment Palisade Wall x15 |
| 16:12 | CENAZE İŞLERİ · wall_segment Stone Wall x32 |
| 16:18 | sburaks · wall_segment Palisade Wall x1 |
| 16:25 | alessiodos · age_up feudal |
| 16:45 | sburaks · wall_segment Palisade Wall x7 |
| 16:50 | Makynka.4 · first_building Barracks |
| 17:19 | CENAZE İŞLERİ · wall_segment Stone Wall x23 |
| 17:21 | CENAZE İŞLERİ · wall_segment Stone Wall x4 |
| 18:10 | CENAZE İŞLERİ · wall_segment Stone Wall x11 |
| 19:02 | akbasmuhammed61 · age_up castle |
| 19:12 | CENAZE İŞLERİ · wall_segment Stone Wall x5 |
| 19:14 | CENAZE İŞLERİ · wall_segment Stone Wall x5 |
| 19:48 | CENAZE İŞLERİ · age_up castle |
| 21:04 | sburaks · wall_segment Palisade Wall x1 |
| 21:05 | CENAZE İŞLERİ · wall_segment Stone Wall x13 |
| 21:06 | sburaks · wall_segment Palisade Wall x1 |
| 21:07 | sburaks · wall_segment Palisade Wall x1 |
| 21:10 | sburaks · wall_segment Palisade Wall x1 |
| 21:13 | 宫水三叶 · age_up castle |
| 22:42 | sburaks · first_building Barracks |
| 23:12 | alessiodos · first_building Archery Range |
| 23:25 | CENAZE İŞLERİ · wall_segment Stone Wall x39 |
| 23:25 | sburaks · first_building Stable |
| 23:30 | alessiodos · first_building Stable |
| 23:52 | akbasmuhammed61 · first_building Castle |
| 24:08 | Mqhst · wall_segment Stone Wall x6 |
| 24:14 | Mqhst · wall_segment Stone Wall x16 |
| 24:22 | Mqhst · wall_segment Stone Wall x4 |
| 24:27 | Mqhst · wall_segment Stone Wall x12 |
| 24:29 | sburaks · first_building Archery Range |
| 24:38 | sburaks · age_up castle |
| 25:12 | Mqhst · age_up castle |
| 25:49 | sburaks · first_building Siege Workshop |
| 27:06 | 宫水三叶 · first_building Archery Range |
| 27:41 | CENAZE İŞLERİ · first_building Castle |
| 27:43 | Makynka.4 · age_up castle |
| 28:12 | alessiodos · age_up castle |
| 28:25 | Mqhst · first_building Castle |
| 28:36 | alessiodos · first_building Castle |
| 28:59 | Mqhst · first_building Stable |
| 29:07 | Makynka.4 · first_building Stable |
| 29:57 | akbasmuhammed61 · first_building Stable |
| 30:20 | alessiodos · wall_segment Stone Wall x7 |
| 31:06 | CENAZE İŞLERİ · wall_segment Stone Wall x22 |
| 31:11 | CENAZE İŞLERİ · wall_segment Stone Wall x7 |
| 31:15 | CENAZE İŞLERİ · wall_segment Stone Wall x13 |
| 31:23 | 宫水三叶 · first_building Monastery |
| 31:55 | Makynka.4 · first_building Monastery |
| 32:05 | alessiodos · wall_segment Palisade Wall x68 |
| 32:33 | akbasmuhammed61 · age_up imperial |
| 32:38 | Makynka.4 · first_market_sell 100 wood |
| 33:03 | Mqhst · first_building Barracks |
| 33:46 | Makynka.4 · first_building Castle |
| 33:50 | CENAZE İŞLERİ · age_up imperial |
| 34:25 | CENAZE İŞLERİ · first_building Monastery |
| 34:50 | 宫水三叶 · first_building Castle |
| 35:42 | 宫水三叶 · age_up imperial |
| 36:09 | sburaks · wall_segment Palisade Wall x7 |
| 38:01 | Makynka.4 · first_market_buy 100 food |
| 38:50 | Mqhst · first_building Siege Workshop |
| 39:02 | Makynka.4 · first_building Siege Workshop |
| 39:23 | CENAZE İŞLERİ · first_building Siege Workshop |
[ ANÁLISIS IA · 1 CRÉDITO ]
¿Qué pasó realmente en esta partida?
Wolo.gg analiza cada decisión: build order, eco, micro, errores típicos por bracket. Análisis personalizado por WhatsApp o Discord en 30 segundos.
Guía civ
Bereberes
Guía mapa
Fortified Clearing
Perfil
Makynka.4